[Event "7th Tulasi Lal Memorial TCCC 2024"]
[Site "Chyasal"]
[Date "2024.12.29"]
[Round "1.1"]
[White "Maharjan, Sajin"]
[Black "Jaiswal, Rupesh"]
[Result "1/2-1/2"]
[ECO "B21"]
[WhiteElo "1960"]
[BlackElo "2062"]
[Annotator "RC"]
[PlyCount "40"]
[EventDate "2024.12.29"]
[EventType "team-tourn"]
[EventCountry "NEP"]
[SourceTitle "playchess.com"]
[Source "ChessBase"]
[SourceQuality "1"]
[TimeControl "5400+30"]

1. e4 c5 2. d4 cxd4 3. c3 dxc3 4. Nxc3 Nc6 5. Nf3 e6 6. Bc4 Bb4 7. O-O Nge7 8. Bg5 O-O 9. Qe2 f6 10. Be3 Bxc3 11. bxc3 Qa5 12. Rab1 d5 13. Rb5 Qxc3 14. exd5 exd5 15. Bb3 Ne5 16. Rc1 Nxf3+ 17. Qxf3 Qe5 18. Bf4 Qf5 19. Bd6 Qxf3 20. gxf3 Re8 1/2-1/2

[Event "7th Tulasi Lal Memorial TCCC 2024"]
[Site "Chyasal"]
[Date "2024.12.29"]
[Round "1.2"]
[White "Silwal, Purushottam"]
[Black "Neupane, Shailendra"]
[Result "1/2-1/2"]
[ECO "C01"]
[WhiteElo "2058"]
[BlackElo "2016"]
[Annotator "RC"]
[PlyCount "225"]
[EventDate "2024.12.29"]
[EventType "team-tourn"]
[EventCountry "NEP"]
[SourceTitle "playchess.com"]
[Source "ChessBase"]
[SourceQuality "1"]
[TimeControl "5400+30"]

1. e4 e6 2. d4 d5 3. Bd3 dxe4 4. Bxe4 Nf6 5. Bf3 Be7 6. Ne2 O-O 7. O-O Nc6 8. c4 Bd7 9. Nbc3 Re8 10. Be3 Na5 11. b3 Rb8 12. Qd3 b6 13. Rfd1 Bc6 14. d5 exd5 15. cxd5 Bb7 16. Rac1 a6 17. Ng3 b5 18. Nf5 Ba3 19. Rc2 Bc8 20. Bg5 Nb7 21. Nd4 Bd7 22. Ne4 Be7 23. Nxf6+ Bxf6 24. Bxf6 gxf6 25. Be4 Nd6 26. Bxh7+ Kg7 27. Nf5+ Bxf5 28. Bxf5 Re5 29. Bg4 Qe7 30. g3 Rh8 31. Rdc1 f5 32. Bf3 Ne8 33. Qd4 Qf6 34. Kg2 f4 35. Qxf4 Qxf4 36. gxf4 Rf5 37. Kg3 Rh6 38. Rc6 Nf6 39. h3 Rg6+ 40. Bg4 Rxd5 41. Kf3 Rd3+ 42. Ke2 Rd4 43. Ke3 Rd8 44. Bf5 Nd5+ 45. Kf3 Rgd6 46. Be4 Nf6 47. Rxc7 Nxe4 48. Kxe4 Re6+ 49. Kf3 Rd3+ 50. Kg2 Rg6+ 51. Kh2 Rf3 52. R7c2 Rh6 53. Rg1+ Kh7 54. Rg3 Rxf4 55. Kg2 Rhf6 56. f3 Rd4 57. Rg4 Rfd6 58. Rxd4 Rxd4 59. Kf2 Rd6 60. Ke3 Kg6 61. Ke4 Kf6 62. Rc5 Ke6 63. h4 Kf6 64. Rd5 Rc6 65. Kd4 Ke6 66. Rc5 Rd6+ 67. Ke4 Kf6 68. f4 Kg7 69. a4 bxa4 70. bxa4 Rb6 71. Kf5 Rb4 72. Ra5 Rb6 73. Kg4 Kg6 74. Rg5+ Kh6 75. Rf5 Kg6 76. Rc5 Kg7 77. Rg5+ Kh6 78. Rf5 Kg6 79. h5+ Kg7 80. Kg5 Rc6 81. Rd5 Rb6 82. Ra5 Rc6 83. Rd5 Rb6 84. Rd7 Rc6 85. Ra7 Rb6 86. f5 Rc6 87. a5 Rd6 88. Rc7 Rf6 89. Rb7 Rc6 90. Rd7 Rf6 91. Rd8 Rc6 92. Rd7 Rf6 93. Rb7 Rc6 94. h6+ Rxh6 95. Rb6 f6+ 96. Kg4 Rh1 97. Rxa6 Ra1 98. Ra7+ Kh6 99. Kf4 Ra4+ 100. Ke3 Kg5 101. a6 Kxf5 102. Kd3 Ke5 103. Kc3 f5 104. Kb3 Ra1 105. Kb4 f4 106. Kb5 f3 107. Rf7 Ke4 108. a7 Ke3 109. Kb6 f2 110. Kb7 Rxa7+ 111. Kxa7 Ke2 112. Kb6 f1=Q 113. Rxf1 1/2-1/2

[Event "7th Tulasi Lal Memorial TCCC 2024"]
[Site "Chyasal"]
[Date "2024.12.29"]
[Round "1.3"]
[White "Thapa, Rishon"]
[Black "Bhandari, Kshitiz"]
[Result "1-0"]
[ECO "C08"]
[WhiteElo "1857"]
[BlackElo "2103"]
[Annotator "RC"]
[PlyCount "98"]
[EventDate "2024.12.29"]
[EventType "team-tourn"]
[EventCountry "NEP"]
[SourceTitle "playchess.com"]
[Source "ChessBase"]
[SourceQuality "1"]
[TimeControl "5400+30"]

1. e4 e6 2. d4 d5 3. Nd2 c5 4. Ngf3 Nf6 5. exd5 exd5 6. Bb5+ Bd7 7. Bxd7+ Nbxd7 8. O-O Be7 9. Re1 O-O 10. dxc5 Nxc5 11. Nb3 Nce4 12. h3 Re8 13. Be3 Bf8 14. a4 Qd7 15. c3 Nd6 16. Nc5 Qc8 17. Nd3 Nf5 18. Bf4 Rxe1+ 19. Qxe1 Ne4 20. Rd1 Qe8 21. Nb4 Bc5 22. Nd3 Bf8 23. g4 Ne7 24. Nb4 Qxa4 25. Nxd5 Nxd5 26. Rxd5 Re8 27. Re5 Rxe5 28. Bxe5 Qc2 29. Bd4 a5 30. Qe3 Nd6 31. Bc5 Qa4 32. Qe5 Qd1+ 33. Kg2 f6 34. Qe6+ Nf7 35. Bxf8 Kxf8 36. Nd4 Qa4 37. Qc8+ Qe8 38. Qxb7 g6 39. Qd5 a4 40. Ne6+ Ke7 41. Nc5 Qc8 42. Nxa4 h5 43. Qc5+ Qxc5 44. Nxc5 h4 45. f4 f5 46. Kf3 Kd6 47. Nd3 Nd8 48. gxf5 gxf5 49. Ne5 Kd5 1-0

[Event "7th Tulasi Lal Memorial TCCC 2024"]
[Site "Chyasal"]
[Date "2024.12.29"]
[Round "1.4"]
[White "Shah, Abheek"]
[Black "Kapali, Binita"]
[Result "1/2-1/2"]
[ECO "A29"]
[WhiteElo "1790"]
[BlackElo "1652"]
[Annotator "NA RC"]
[PlyCount "78"]
[EventDate "2024.12.29"]
[EventType "team-tourn"]
[EventCountry "NEP"]
[SourceTitle "playchess.com"]
[Source "ChessBase"]
[SourceQuality "1"]
[TimeControl "5400+30"]

1. c4 e5 2. Nc3 Nf6 3. g3 Nc6 4. Bg2 Bc5 5. Nf3 a6 6. d3 d6 7. a3 h6 8. b4 Ba7 9. Bb2 Be6 10. Nd2 Rb8 11. Qa4 Bd7 12. b5 Nd4 13. e3 Ne6 14. Qc2 O-O 15. O-O Qc8 16. a4 c6 17. Nde4 Nxe4 18. Nxe4 Qc7 19. Ba3 Nc5 20. Nxc5 Bxc5 21. Bxc5 dxc5 22. bxa6 bxa6 23. Qc3 a5 24. f4 exf4 25. Rxf4 Rb4 26. d4 cxd4 27. exd4 Be6 28. Bf1 Rfb8 29. Qc2 Qd7 30. Rd1 Bh3 31. Bxh3 Qxh3 32. Qe4 Rxc4 33. Rdf1 Rb2 34. Qe8+ Kh7 35. Qe4+ Kg8 36. Qe8+ Kh7 37. Qe4+ Kg8 38. Qe8+ Kh7 39. Qe4+ Kg8 1/2-1/2

[Event "7th Tulasi Lal Memorial TCCC 2024"]
[Site "Chyasal"]
[Date "2024.12.29"]
[Round "1.5"]
[White "Rajbhandari, Rijendra"]
[Black "Subedi, Rajan"]
[Result "1/2-1/2"]
[ECO "E06"]
[WhiteElo "1999"]
[BlackElo "2021"]
[Annotator "RC"]
[PlyCount "34"]
[EventDate "2024.12.29"]
[EventType "team-tourn"]
[EventCountry "NEP"]
[SourceTitle "playchess.com"]
[Source "ChessBase"]
[SourceQuality "1"]
[TimeControl "5400+30"]

1. d4 Nf6 2. c4 e6 3. g3 d5 4. Nf3 b6 5. Bg2 Bb7 6. O-O Be7 7. Qa4+ Nbd7 8. Ne5 O-O 9. Nc6 Qe8 10. Nxe7+ Qxe7 11. Nc3 Rfd8 12. Rd1 h6 13. cxd5 exd5 14. Bf4 c5 15. Rac1 cxd4 16. Qxd4 Nc5 17. Qe5 Qe6 1/2-1/2

[Event "7th Tulasi Lal Memorial TCCC 2024"]
[Site "Chyasal"]
[Date "2024.12.29"]
[Round "1.6"]
[White "Nepal, Prakash Chandra"]
[Black "Chaudhary, Sushil"]
[Result "1/2-1/2"]
[ECO "D36"]
[WhiteElo "2012"]
[BlackElo "1900"]
[Annotator "RC"]
[PlyCount "55"]
[EventDate "2024.12.29"]
[EventType "team-tourn"]
[EventCountry "NEP"]
[SourceTitle "playchess.com"]
[Source "ChessBase"]
[SourceQuality "1"]
[TimeControl "5400+30"]

1. d4 d5 2. c4 c6 3. Nf3 Bf5 4. Nc3 e6 5. cxd5 exd5 6. Bg5 Be7 7. Bxe7 Qxe7 8. e3 Nf6 9. Bd3 Ne4 10. Qc2 Nd7 11. O-O O-O 12. Rfe1 Rae8 13. Nd2 Bg6 14. f3 Nxd2 15. Qxd2 Qg5 16. Bxg6 hxg6 17. Rad1 Nb6 18. e4 Qxd2 19. Rxd2 Re7 20. e5 g5 21. g3 f6 22. f4 gxf4 23. gxf4 fxe5 24. fxe5 Nc4 25. Rg2 Rf4 26. b3 Nb6 27. Ne2 Re4 28. Rd1 1/2-1/2

[Event "7th Tulasi Lal Memorial TCCC 2024"]
[Site "Chyasal"]
[Date "2024.12.29"]
[Round "1.7"]
[White "Phuyal, Aashish"]
[Black "Dahal, Sushrut"]
[Result "1/2-1/2"]
[ECO "C01"]
[WhiteElo "1907"]
[BlackElo "2007"]
[Annotator "RC"]
[PlyCount "23"]
[EventDate "2024.12.29"]
[EventType "team-tourn"]
[EventCountry "NEP"]
[SourceTitle "playchess.com"]
[Source "ChessBase"]
[SourceQuality "1"]
[TimeControl "5400+30"]

1. e4 e6 2. d4 d5 3. exd5 exd5 4. Bd3 Bd6 5. Qe2+ Qe7 6. Qxe7+ Nxe7 7. Ne2 Bf5 8. Bxf5 Nxf5 9. c3 Kd7 10. O-O Re8 11. Ng3 Nxg3 12. hxg3 1/2-1/2

[Event "7th Tulasi Lal Memorial TCCC 2024"]
[Site "Chyasal"]
[Date "2024.12.29"]
[Round "2.1"]
[White "Maharjan, Sajin"]
[Black "Rajbhandari, Rijendra"]
[Result "1-0"]
[ECO "B13"]
[WhiteElo "1960"]
[BlackElo "1999"]
[Annotator "RC"]
[PlyCount "83"]
[EventDate "2024.12.29"]
[EventType "team-tourn"]
[EventCountry "NEP"]
[SourceTitle "playchess.com"]
[Source "ChessBase"]
[SourceQuality "1"]
[TimeControl "5400+30"]

1. e4 c6 2. d4 d5 3. exd5 cxd5 4. Bd3 Nc6 5. c3 Qc7 6. Na3 a6 7. Nc2 Nf6 8. h3 g6 9. Nf3 Bf5 10. Bxf5 gxf5 11. Qe2 e6 12. Ne5 Nxe5 13. dxe5 Ne4 14. Bf4 Bg7 15. f3 Nc5 16. O-O O-O 17. Nd4 Nd7 18. Rfe1 Kh8 19. Qe3 Rg8 20. Nxf5 Qc5 21. Nd4 b5 22. Kh1 Rgc8 23. Qd2 Qc7 24. Bh2 Qb8 25. f4 Nc5 26. f5 Re8 27. f6 Bf8 28. Qg5 b4 29. c4 Rc8 30. cxd5 Qb7 31. Re3 Bh6 32. Qxh6 Rg8 33. Rg3 Rxg3 34. Bxg3 Rg8 35. Nf3 Ne4 36. Bf4 Qxd5 37. Qh4 Rc8 38. Bh6 Rc2 39. Bf8 Nf2+ 40. Kh2 Qd3 41. Ne1 Qc4 42. Qg5 1-0

[Event "7th Tulasi Lal Memorial TCCC 2024"]
[Site "Chyasal"]
[Date "2024.12.29"]
[Round "2.2"]
[White "Chaudhary, Sushil"]
[Black "Neupane, Shailendra"]
[Result "1-0"]
[ECO "C45"]
[WhiteElo "1900"]
[BlackElo "2016"]
[Annotator "RC"]
[PlyCount "103"]
[EventDate "2024.12.29"]
[EventType "team-tourn"]
[EventCountry "NEP"]
[SourceTitle "playchess.com"]
[Source "ChessBase"]
[SourceQuality "1"]
[TimeControl "5400+30"]

1. e4 e5 2. Nf3 Nc6 3. d4 exd4 4. Nxd4 Bc5 5. Nb3 Bb6 6. Nc3 Nf6 7. Bg5 h6 8. Bh4 d6 9. Qd2 Be6 10. f4 Qe7 11. Bxf6 Qxf6 12. O-O-O O-O-O 13. g3 Bxb3 14. axb3 Ba5 15. Bg2 Rhe8 16. Qd3 Bxc3 17. bxc3 g5 18. Rhf1 Re7 19. e5 Qe6 20. Bxc6 bxc6 21. Qa6+ Kb8 22. Qxc6 d5 23. Qb5+ Ka8 24. Qc5 c6 25. Rd4 Rc8 26. Rfd1 Rb7 27. c4 gxf4 28. gxf4 f6 29. Qd6 Qxd6 30. exd6 dxc4 31. Rxc4 Rd7 32. Re4 Kb7 33. c4 c5 34. Re6 Rf8 35. Kc2 Kc6 36. Rd5 a5 37. Kc3 Rff7 38. Kd3 Rf8 39. Ke4 Rb8 40. Rd3 a4 41. bxa4 Rb4 42. Rxf6 Rxc4+ 43. Ke5 Rxa4 44. Rxh6 c4 45. Rd4 Ra5+ 46. Ke6 Raa7 47. Rxc4+ Kb5 48. Rd4 Kc5 49. Rd5+ Kc4 50. Rh8 Rab7 51. Rc8+ Kb4 52. Rd1 1-0

[Event "7th Tulasi Lal Memorial TCCC 2024"]
[Site "Chyasal"]
[Date "2024.12.29"]
[Round "2.3"]
[White "Thapa, Rishon"]
[Black "Phuyal, Aashish"]
[Result "0-1"]
[ECO "C88"]
[WhiteElo "1857"]
[BlackElo "1907"]
[Annotator "RC"]
[PlyCount "82"]
[EventDate "2024.12.29"]
[EventType "team-tourn"]
[EventCountry "NEP"]
[SourceTitle "playchess.com"]
[Source "ChessBase"]
[SourceQuality "1"]
[TimeControl "5400+30"]

1. e4 e5 2. Nf3 Nc6 3. Bb5 a6 4. Ba4 Nf6 5. O-O Be7 6. Re1 b5 7. Bb3 O-O 8. a4 Bb7 9. d3 d6 10. Bd2 Qd7 11. Nc3 Na5 12. Ba2 b4 13. Ne2 c5 14. Ng3 Nc6 15. c3 a5 16. Nf5 Nd8 17. h3 Ne6 18. Bc4 bxc3 19. bxc3 g6 20. Nxe7+ Qxe7 21. Ng5 Kg7 22. Qc1 Ng8 23. Nxe6+ fxe6 24. Be3 d5 25. exd5 exd5 26. Bb5 Qd6 27. Qa3 d4 28. cxd4 exd4 29. Qb2 Rf6 30. Bg5 Rf5 31. Bh4 Raf8 32. Rf1 Nf6 33. f3 Nd5 34. Bc4 Bc6 35. Rae1 g5 36. Bf2 Nf4 37. Qd2 R8f6 38. Kh1 Nxh3 39. gxh3 Rh6 40. h4 Rxf3 41. Qxg5+ Rg6 0-1

[Event "7th Tulasi Lal Memorial TCCC 2024"]
[Site "Chyasal"]
[Date "2024.12.29"]
[Round "2.4"]
[White "Joshi, Sindira"]
[Black "Kapali, Binita"]
[Result "0-1"]
[ECO "C45"]
[WhiteElo "1735"]
[BlackElo "1652"]
[Annotator "NA RC"]
[PlyCount "81"]
[EventDate "2024.12.29"]
[EventType "team-tourn"]
[EventCountry "NEP"]
[SourceTitle "playchess.com"]
[Source "ChessBase"]
[SourceQuality "1"]
[TimeControl "5400+30"]

1. e4 e5 2. Nf3 Nc6 3. d4 exd4 4. Nxd4 Qf6 5. Nb5 Qd8 6. Bf4 d6 7. N1c3 a6 8. Nd4 Bd7 9. Qd2 Be7 10. O-O-O Nf6 11. Kb1 h6 12. f3 Ne5 13. Bg3 Qc8 14. f4 Nc6 15. Bc4 b5 16. Bd5 Nxd5 17. Nxd5 Bd8 18. e5 dxe5 19. fxe5 Nxd4 20. Qxd4 O-O 21. Nf6+ gxf6 22. Qxd7 Qxd7 23. Rd3 Qd6 24. Rxd6 Re8 25. Rd7 f5 26. a3 Bf6 27. Rd6 Re6 28. Rhd1 Rae8 29. Rd7 c5 30. Rc7 c4 31. Rdd7 R6e7 32. Rxe7 Rxe7 33. Rxe7 Bxe7 34. Kc1 Bd6 35. h3 Bxe5 36. Bxe5 a5 37. b3 cxb3 38. cxb3 b4 39. axb4 axb4 40. Kd2 f4 41. Ke2 0-1

[Event "7th Tulasi Lal Memorial TCCC 2024"]
[Site "Chyasal"]
[Date "2024.12.29"]
[Round "2.5"]
[White "Chaulagain, Purusottam"]
[Black "Jaiswal, Rupesh"]
[Result "1/2-1/2"]
[ECO "A40"]
[WhiteElo "1974"]
[BlackElo "2062"]
[Annotator "RC"]
[PlyCount "77"]
[EventDate "2024.12.29"]
[EventType "team-tourn"]
[EventCountry "NEP"]
[SourceTitle "playchess.com"]
[Source "ChessBase"]
[SourceQuality "1"]
[TimeControl "5400+30"]

1. d4 a6 2. Nc3 g6 3. Bf4 Bg7 4. Qd2 d6 5. Nf3 b5 6. a3 Bb7 7. e4 Nd7 8. Be2 Ngf6 9. e5 Nd5 10. Nxd5 Bxd5 11. O-O Nb6 12. Bh6 O-O 13. b3 c5 14. Rfd1 c4 15. Qe3 Qd7 16. Bxg7 Kxg7 17. Rac1 Rac8 18. Ng5 cxb3 19. cxb3 Rxc1 20. Rxc1 Rc8 21. Bd1 h6 22. Nf3 Rxc1 23. Qxc1 Qe6 24. Qc3 Nd7 25. exd6 exd6 26. h3 Nf6 27. a4 bxa4 28. bxa4 Bc4 29. Bc2 Qe2 30. Qd2 a5 31. Qxe2 Bxe2 32. Nd2 Nd5 33. Nb3 Nb4 34. Bb1 Nc6 35. d5 Nb4 36. Nxa5 Nxd5 37. Nb7 Nc3 38. Bc2 d5 39. f3 1/2-1/2

[Event "7th Tulasi Lal Memorial TCCC 2024"]
[Site "Chyasal"]
[Date "2024.12.29"]
[Round "2.6"]
[White "Silwal, Purushottam"]
[Black "Subedi, Rajan"]
[Result "0-1"]
[ECO "B27"]
[WhiteElo "2058"]
[BlackElo "2021"]
[Annotator "RC"]
[PlyCount "129"]
[EventDate "2024.12.29"]
[EventType "team-tourn"]
[EventCountry "NEP"]
[SourceTitle "playchess.com"]
[Source "ChessBase"]
[SourceQuality "1"]
[TimeControl "5400+30"]

1. e4 g6 2. d4 c5 3. dxc5 Qa5+ 4. Nc3 Bg7 5. Nf3 Qxc5 6. Bd3 d6 7. O-O Nf6 8. Be3 Qa5 9. Qd2 O-O 10. Nd5 Qd8 11. Bh6 Nbd7 12. Bxg7 Kxg7 13. Rfe1 e6 14. Nc3 Nb6 15. Rad1 d5 16. exd5 Nfxd5 17. Nxd5 Nxd5 18. c4 Nf6 19. Qc3 Qe7 20. Ne5 Rd8 21. Re3 Kg8 22. Rf3 Bd7 23. Re1 Be8 24. Nxg6 hxg6 25. Bxg6 fxg6 26. Rxf6 Qg7 27. h4 Bf7 28. Re3 Rd1+ 29. Kh2 Rad8 30. h5 R1d3 31. Rxd3 Rxd3 32. Qxd3 Qxf6 33. hxg6 Bxg6 34. Qg3 e5 35. Kg1 Kg7 36. Qe3 a6 37. Qc5 Be4 38. Qc7+ Kh6 39. Qc8 Bc6 40. Qh3+ Kg7 41. Qg3+ Kf7 42. f3 Qf4 43. Qe1 Qd4+ 44. Kh2 Qxb2 45. Qh4 Qd4 46. Qh7+ Ke6 47. Qg6+ Kd7 48. Qf7+ Kc8 49. Qf5+ Kc7 50. Qf7+ Kb6 51. c5+ Kxc5 52. Qc7 Kb5 53. Qh7 e4 54. fxe4 Qxe4 55. Qh5+ Kb4 56. Qh3 Qxg2+ 57. Qxg2 Bxg2 58. Kxg2 Ka3 59. Kf2 Kxa2 60. Ke2 b5 61. Kf2 b4 62. Ke2 b3 63. Kf2 b2 64. Ke2 b1=Q 65. Kf2 0-1

[Event "7th Tulasi Lal Memorial TCCC 2024"]
[Site "Chyasal"]
[Date "2024.12.29"]
[Round "2.7"]
[White "Dahal, Sushrut"]
[Black "Bhandari, Kshitiz"]
[Result "1/2-1/2"]
[ECO "A45"]
[WhiteElo "2007"]
[BlackElo "2103"]
[Annotator "RC"]
[PlyCount "43"]
[EventDate "2024.12.29"]
[EventType "team-tourn"]
[EventCountry "NEP"]
[SourceTitle "playchess.com"]
[Source "ChessBase"]
[SourceQuality "1"]
[TimeControl "5400+30"]

1. d4 Nf6 2. Nc3 e6 3. Bf4 a6 4. e3 b5 5. Nf3 Bb7 6. Bd3 d6 7. O-O Nbd7 8. Re1 c5 9. a4 b4 10. Nb1 Be7 11. Nbd2 Nh5 12. Bg3 Nxg3 13. hxg3 O-O 14. c3 d5 15. e4 a5 16. Qe2 bxc3 17. bxc3 cxd4 18. cxd4 Bb4 19. Rec1 dxe4 20. Bxe4 Bxe4 21. Nxe4 Nb6 22. Nc3 1/2-1/2